 Dungeon Crawl Stone Soup version 0.28.0-1-gb440e238dd (webtiles) character file.

Game seed: 16668098563676455479

259 Woods the Cudgeller (level 6, 0/37 HPs)
             Began as a Gargoyle Fighter on Feb 25, 2022.
             Killed by divine providence
             ... invoked by an orc priest
              (14 damage)
             ... on level 4 of the Dungeon.
             The game lasted 00:03:08 (3677 turns).

Woods the Cudgeller (Gargoyle Fighter)              Turns: 3677, Time: 00:03:08

Health: 0/37       AC: 11    Str: 19    XL:     6   Next: 17%
Magic:  6/6        EV:  9    Int:  9    God:
Gold:   138        SH:  4    Dex: 11    Spells: 5/5 levels left

rFire   . . .      SeeInvis .   a - +0 flail
rCold   . . .      Faith    .   c - +0 buckler
rNeg    + . .      Spirit   .   b - +0 scale mail
rPois   ∞          Reflect  .   (no helmet)
rElec   +          Harm     .   (no cloak)
rCorr   .          Rampage  .   (no gloves)
Will    .....                   (no boots)
Stlth   ..........              (no amulet)
HPRegen 0.12/turn               (no ring)
MPRegen 0.10/turn               (no ring)

@: no status effects
A: sickness immunity, AC +4, negative energy resistance 1, electricity
resistance, torment resistance 1, petrification resistance
a: no special abilities


You were on level 4 of the Dungeon.
You visited 1 branch of the dungeon, and saw 4 of its levels.

You collected 138 gold pieces.

Inventory:

Hand Weapons
 a - a +0 flail (weapon)
 t - a +1 mace of holy wrath
Armour
 b - a +0 scale mail (worn)
 c - a +0 buckler (worn)
Jewellery
 i - a ring of protection from fire
 m - an amulet of faith
 q - a +6 ring of intelligence
Wands
 u - a wand of flame (26)
Scrolls
 h - a scroll of identify {unknown}
 j - a scroll of blinking {unknown}
 k - a scroll of holy word {unknown}
 r - a scroll of fog {unknown}
 s - a scroll of summoning {unknown}
Potions
 d - a potion of might
 e - a potion of mutation {unknown}
 f - 3 potions of curing {unknown}
 g - 2 potions of ambrosia {unknown}
 l - a potion of heal wounds {unknown}
 n - a potion of berserk rage {unknown}
 o - a potion of flight {unknown}
 p - a potion of haste {unknown}


   Skills:
 - Level 3.3 Fighting
 + Level 6.3 Maces & Flails
 - Level 3.3 Armour
 - Level 3.3 Shields


You had 5 spell levels left.
You didn't know any spells.
Your spell library contained the following spells:

 Spells                   Type           Power      Damage    Failure   Level
 Slow                     Hex            0%         N/A       85%         1
 Confusing Touch          Hex            0%         N/A       99%         3
 Vampiric Draining        Necr           0%         2d6       99%         3


Dungeon Overview and Level Annotations

Branches:
Dungeon (4/15)
 Temple: D:4-7

Altars:
Cheibriados
Kikubaaqudgha
Zin


Innate Abilities, Weirdness & Mutations

You are immune to sickness and miasma.
Your stone body is resilient. (AC +4)
You are immune to poison.
You resist negative energy. (rN+)
You are resistant to electric shocks. (rElec)
You are resistant to unholy torment.
You are immune to petrification.


Message History

You closely miss the orc wizard. The orc barely misses you.
The orc wizard gestures wildly while chanting.
The orc wizard flickers and vanishes!
Deactivating autopickup; reactivate with Ctrl-A.
You barely miss something.
You hear some strange, mumbled words.
You are confused.
The orc hits you from afar with a +2 trident of venom.
Something hits you but does no damage.
The orc hits you from afar with a +2 trident of venom.
You're too confused to move!
The orc priest miscasts a cantrip.
The orc hits you from afar with a +2 trident of venom.
Something hits you but does no damage.
You see here a scroll labelled GOIS HEBOSH.
You miss something. The orc hits you but does no damage.
Something hits you but does no damage.
You closely miss something. The orc barely misses you.
You bump into the rock wall.
The orc closely misses you. Something hits you but does no damage.
The orc priest mumbles some strange prayers to Beogh against you.
Beogh smites you!
You feel less confused.
The orc hits you with a +2 trident of venom.
Something hits you but does no damage.
You thump the orc!
You kill the orc!
You hear some strange, mumbled words.
A magic dart appears from out of thin air!
The magic dart hits you. Something hits you but does no damage.
You see here a scroll labelled GOIS HEBOSH.
Something hits you but does no damage.
You hear some strange, mumbled words.
Something tries to affect you, but you resist.
The orc priest mumbles some strange prayers to Beogh against you.
The orc priest miscasts a cantrip.
The orc priest mumbles some strange prayers to Beogh against you.
Beogh smites you!
You die...

..###)........ #.# ...).?...#
#.# ..#####.## ##.##
###.#####.#.######...#######
.####.o.......#......).#.......#
........##############)..#####.#
#####..............####.## #.#
.......###########......# #.#
######....o.....@..###### #.#
#############.# #.# #.# #.# #.#
###.# #.# #...# #.# #.### #. #.#
#.# #.# #.#


You could see an orc priest.

Vanquished Creatures
  An orc priest (D:3)
  Jessica (D:2)
  3 orc wizards (D:3)
  A mummy (D:3)
  An adder (D:3)
  A gnoll (D:1)
  A worm (D:2)
  5 dart slugs
  14 orcs
  5 ball pythons
  5 bats
  5 endoplasms
  4 giant cockroaches
  4 goblins
  3 hobgoblins
  2 jackals (D:2)
  4 quokkas
  3 frilled lizards (D:3)
  4 kobolds
  7 rats
74 creatures vanquished.

Notes
Turn   | Place    | Note
-------+----------+-------------------------------------------
     0 | D:1      | Woods the Gargoyle Fighter began the quest for the Orb.
     0 | D:1      | Reached XP level 1. HP: 14/14 MP: 1/1
   203 | D:1      | Reached XP level 2. HP: 15/19 MP: 2/2
   293 | D:1      | Reached skill level 3 in Maces & Flails
   557 | D:1      | Reached XP level 3. HP: 20/23 MP: 3/3
   994 | D:2      | Noticed Jessica
  1003 | D:2      | Killed Jessica
  1004 | D:2      | Reached skill level 4 in Maces & Flails
  1004 | D:2      | Reached XP level 4. HP: 13/28 MP: 4/4
  1211 | D:2      | Found a faded altar of an unknown god.
  1513 | D:2      | Found a glowing silver altar of Zin.
  1910 | D:2      | Identified the +3 dagger "Ugohawn" {antimagic, rElec
                  | Stlth+}
  2368 | D:3      | Found a snail-covered altar of Cheibriados.
  2527 | D:3      | Reached skill level 5 in Maces & Flails
  2527 | D:3      | Reached XP level 5. HP: 27/32 MP: 5/5
  3078 | D:3      | Reached skill level 6 in Maces & Flails
  3078 | D:3      | Reached XP level 6. HP: 28/37 MP: 6/6
  3466 | D:4      | Found an ancient bone altar of Kikubaaqudgha.
  3677 | D:4      | Killed from afar by an orc priest

Illustrated notes

Levels and vault maps discovered:
D:1:      psy_arrival_fountain, layout_loops_ring
D:2:      layout_loops_ring, serial_rivers, chequers_serial_rivers_large_b,
          chequers_serial_rivers_small_a, chequers_serial_rivers_room_a,
          chequers_serial_rivers_large_a, chequers_serial_rivers_micro_d,
          chequers_serial_rivers_micro_e, basic_altar,
          shapermc_ecumenical_altar_venn, uniq_jessica
D:3:      layout_basic, slow_altar_1
D:4:      layout_loops_ring, kiku_gazebo_pond_becter

Skill      XL: |  1  2  3  4  5 |
---------------+----------------+-----
Maces & Flails | 3 4 5 6 |  6.3
Fighting       | |  3.3
Armour         | |  3.3
Shields        | |  3.3

Action                   |  1- 3 |  4- 6 || total
-------------------------+-------+-------++-------
Melee: Flail             |    61 |   203 ||   264
Armor: Scale mail        |    25 |   104 ||   129
Dodge: Dodged            |    38 |    88 ||   126
Block: Buckler           |    11 |    32 ||    43
